 Dungeon Crawl Stone Soup version 0.29.0-7-g18a832c13a (webtiles) character file.

Game seed: 1923452882392777211

523 Leibowitz the Sneak (level 7, -2/43 HPs)
             Began as a Kobold Fighter on Aug 30, 2022.
             Killed from afar by Edmund (11 damage)
             ... with a bolt of light
             ... on level 5 of the Dungeon.
             The game lasted 00:07:56 (5097 turns).

Leibowitz the Sneak (Kobold Fighter)                Turns: 5097, Time: 00:07:56

Health: -2/43      AC:  6    Str: 13    XL:     7   Next: 46%
Magic:  7/7        EV: 15    Int:  9    God:
Gold:   282        SH:  7    Dex: 23    Spells: 6/6 levels left

rFire   . . .      SeeInvis .   a - +4 short sword
rCold   + . .      Faith    .   c - +0 buckler
rNeg    . . .      Spirit   .   i - +2 robe {Will+}
rPois   .          Reflect  .   e - +0 helmet
rElec   .          Harm     .   (no cloak)
rCorr   .          Rampage  .   (no gloves)
Will    +....                   y - +0 pair of boots
Stlth   +++++.....              (no amulet)
HPRegen 0.14/turn               j - +6 ring of dexterity
MPRegen 0.10/turn               u - ring of protection from cold

@: no status effects
A: small, no large weapons, nightstalker 3
a: no special abilities


You were on level 5 of the Dungeon.
You visited 1 branch of the dungeon, and saw 5 of its levels.

You collected 282 gold pieces.

Inventory:

Hand Weapons
 a - a +4 short sword (weapon)
 o - a +0 rapier
Armour
 c - a +0 buckler (worn)
 e - a +0 helmet (worn)
 i - a +2 robe of willpower (worn)
 y - a +0 pair of boots (worn)
Jewellery
 j - a +6 ring of dexterity (left hand)
 p - a ring of magical power
 u - a ring of protection from cold (right hand)
Scrolls
 f - a scroll of teleportation {unknown}
 g - 4 scrolls of identify {unknown}
 k - a scroll of fear {unknown}
 l - a scroll of noise {unknown}
 m - 4 scrolls of amnesia {unknown}
 n - 2 scrolls of immolation {unknown}
 t - a scroll of vulnerability {unknown}
 w - a scroll of acquirement {unknown}
 z - a scroll of poison {unknown}
Potions
 b - 4 potions of curing {unknown}
 d - a potion of might
 q - 3 potions of degeneration {unknown}
 r - 2 potions of haste {unknown}
 s - a potion of brilliance {unknown}
 v - 2 potions of heal wounds {unknown}
 x - a potion of lignification {unknown}


   Skills:
 * Level 4.2 Fighting
 * Level 5.4 Short Blades
 + Level 1.1 Throwing
 + Level 2.5 Armour
 * Level 3.0 Dodging
 * Level 5.7 Stealth
 * Level 3.2 Shields


You had 6 spell levels left.
You didn't know any spells.
Your spell library contained the following spells:

 Spells                   Type           Power      Damage    Failure   Level
 Dazzling Flash           Conj/Hex       0%         N/A       87%         3
 Summon Guardian Golem    Hex/Summ       0%         N/A       87%         3
 Agony                    Necr           0%         N/A       100%        5
 Silence                  Hex/Air        0%         N/A       100%        5
 Orb of Destruction       Conj           0%         9d5       100%        7
 Spellforged Servitor     Conj/Summ      0%         N/A       100%        7


Dungeon Overview and Level Annotations

Branches:
Dungeon (5/15)
 Temple: D:4-7

Altars:

Annotations:
D:5 Edmund


Innate Abilities, Weirdness & Mutations

You are small and have problems with some larger weapons.
You are completely attuned to the shadows.


Message History

Edmund is moderately wounded.
Edmund zaps a wand.
The bolt of light misses you.
You hit Edmund but do no damage.
Edmund is moderately wounded.
Edmund zaps a wand.
The bolt of light misses you.
You hit Edmund but do no damage.
Edmund is moderately wounded.
You block Edmund's attack.
You hit Edmund.
Edmund is moderately wounded.
Edmund barely misses you.
You puncture Edmund!
Edmund is heavily wounded.
Edmund hits you with a +4 flail of protection.
You hit Edmund but do no damage.
Edmund is severely wounded.
You block Edmund's attack.
You hit Edmund but do no damage.
Edmund is severely wounded.
You block Edmund's attack.
You barely miss Edmund.
Edmund is severely wounded.
Edmund hits you with a +4 flail of protection.
You closely miss Edmund.
Edmund is severely wounded.
Edmund zaps a wand.
The bolt of light hits you.
You hit Edmund.
Edmund is severely wounded.
You hit Edmund but do no damage.
Edmund is severely wounded.
Edmund hits you with a +4 flail of protection!
* * * LOW HITPOINT WARNING * * *
You hit Edmund but do no damage.
Edmund is severely wounded.
Edmund says, "I'm quite good with sums, too."
Edmund misses you.
You hit Edmund but do no damage.
Edmund is severely wounded.
Edmund looks more healthy.
Edmund zaps a wand.
The bolt of light hits you!
You die...

#.#### #.#
#.######.#
#.# #.#
#.######.#
#.## #.#
#.##.....#
...#####.#
#.#####
.........#
#.#
#..#######
#.# #..#
#.# #..#
#.# ...#
#@# #@#
#.# #.#
#(# #.#
#.#
####.###
.....(.#


You could see Edmund.

Vanquished Creatures
  A phantom (D:4)
  A scorpion (D:5)
  2 orc priests
  A hound (D:5)
  Natasha (thrice) (D:4)
  3 orc wizards
  3 adders
  A white imp (D:5)
  An ufetubus (D:4)
  A worm (D:4)
  3 dart slugs
  9 orcs
  11 ball pythons
  8 endoplasms
  2 giant cockroaches
  6 goblins
  8 hobgoblins
  7 jackals
  4 quokkas
  11 bats
  4 frilled lizards
  9 kobolds
  2 rats (D:1)
101 creatures vanquished.

Notes
Turn   | Place    | Note
-------+----------+-------------------------------------------
     0 | D:1      | Leibowitz the Kobold Fighter began the quest for the Orb.
     0 | D:1      | Reached XP level 1. HP: 14/14 MP: 1/1
   327 | D:1      | Reached XP level 2. HP: 19/19 MP: 2/2
   565 | D:1      | Reached XP level 3. HP: 23/23 MP: 3/3
   889 | D:1      | Reached skill level 1 in Stealth
  1004 | D:1      | Reached skill level 1 in Dodging
  1024 | D:1      | Found a faded altar of an unknown god.
  1864 | D:2      | Reached XP level 4. HP: 16/28 MP: 4/4
  2796 | D:3      | Reached XP level 5. HP: 12/33 MP: 5/5
  3267 | D:3      | Reached skill level 1 in Throwing
  3456 | D:3      | Reached XP level 6. HP: 15/38 MP: 6/6
  4263 | D:4      | Noticed Natasha
  4266 | D:4      | Killed Natasha
  4322 | D:4      | Noticed Natasha
  4334 | D:4      | Killed Natasha
  4335 | D:4      | Reached skill level 5 in Short Blades
  4339 | D:4      | Noticed Natasha
  4348 | D:4      | Killed Natasha
  4632 | D:4      | Reached XP level 7. HP: 40/43 MP: 7/7
  4890 | D:5      | Entered Level 5 of the Dungeon
  4902 | D:5      | Reached skill level 5 in Stealth
  5051 | D:5      | Noticed Edmund
  5097 | D:5      | Killed from afar by Edmund

Illustrated notes

Levels and vault maps discovered:
D:1:      onia_arrival_handbag, layout_basic,
          shapermc_ecumenical_altar_hornbeckon
D:2:      layout_loops_corners
D:3:      layout_basic
D:4:      layout_cave_pools, uniq_natasha
D:5:      layout_loops_ring, kb_lookout_dungeons_type,
          minmay_misc_feat_ornament, uniq_blork_the_orc, uniq_eustachio,
          uniq_edmund, uniq_grinder

Skill      XL: |  1  2  3  4  5  6  7 |
---------------+----------------------+-----
Short Blades   | 3 4 5 |  5.4
Stealth        | 1 2 3 4 5 |  5.7
Dodging        | 1 2 3 |  3.0
Throwing       | 1 |  1.1
Fighting       | 4 |  4.2
Shields        | 3 |  3.2
Armour         | |  2.5

Action                   |  1- 3 |  4- 6 |  7- 9 || total
-------------------------+-------+-------+-------++-------
Melee: Rapier            |   103 |    25 |       ||   128
       Short sword       |       |   100 |    50 ||   150
Throw: Dart              |       |     5 |     6 ||    11
 Stab: Sleeping          |    13 |    15 |     1 ||    29
Armor: Scale mail        |    30 |       |       ||    30
       Robe              |     7 |    24 |     5 ||    36
Dodge: Dodged            |    55 |    62 |    19 ||   136
Block: Buckler           |    22 |    35 |     9 ||    66
